 Dungeon Crawl Stone Soup version 0.24-a0-275-g6f7e2cb (webtiles) character file.

Game seed: 11976402303119866941

42 mhoghedin the Gusty (level 3, -4/19 HPs)
             Began as a Tengu Air Elementalist on Apr 27, 2019.
             Slain by a gnoll
             ... wielding a +0 whip
              (7 damage)
             ... on level 2 of the Dungeon.
             The game lasted 00:11:27 (1526 turns).

mhoghedin the Gusty (Tengu Air Elementalist)        Turns: 1526, Time: 00:11:28

Health: -4/19      AC:  2    Str:  8    XL:     3   Next: 54%
Magic:  1/8        EV: 12    Int: 16    God:
Gold:   95         SH:  0    Dex: 14    Spells: 4/8 levels left

rFire    . . .     SeeInvis .   l - +0 quarterstaff
rCold    . . .     Gourm    .   (shield currently unavailable)
rNeg     . . .     Faith    .   a - +0 robe
rPois    .         Spirit   .   (helmet restricted)
rElec    .         Reflect  .   (no cloak)
rCorr    .         Harm     .   (no gloves)
MR       .....                  (boots unavailable)
Stlth    ++........             (no amulet)
HPRegen  0.06/turn              (no ring)
MPRegen  0.11/turn              (no ring)

@: very slightly contaminated
A: beak, talons 3
a: no special abilities


You were on level 2 of the Dungeon.
You were not hungry.

You visited 1 branch of the dungeon, and saw 2 of its levels.

You collected 95 gold pieces.

Inventory:

Hand Weapons
 l - a +0 quarterstaff (weapon)
   (You found it on level 2 of the Dungeon)
Missiles
 d - a throwing net {=f, !d}
Armour
 a - a +0 robe (worn)
Scrolls
 e - 2 scrolls of immolation {unknown}
 f - a scroll of teleportation {unknown}
 j - a scroll of identify {unknown}
Potions
 b - a potion of ambrosia {unknown}
 g - 2 potions of curing {unknown}
 h - 2 potions of brilliance {unknown}
 k - a potion of lignification {unknown}
Comestibles
 c - 3 rations


   Skills:
 - Level 2.1 Dodging
 - Level 2.0 Stealth
 - Level 3.3 Spellcasting
 + Level 1.9 Conjurations
 + Level 4.2 Air Magic


You had 4 spell levels left.
You knew the following spells:

 Your Spells              Type           Power        Failure   Level  Hunger
a - Shock                 Conj/Air       ##..         4%          1    None
b - Static Discharge      Conj/Air       ##......     16%         3    ###....

Your spell library contained the following spells:

 Spells                   Type           Power        Failure   Level  Hunger
 Swiftness                Chrm/Air       #.......     12%         2    ##.....
 Airstrike                Air            ###.......   30%         4    ####...
 Lightning Bolt           Conj/Air       ##........   80%         5    ######.


Dungeon Overview and Level Annotations

Branches:
Dungeon (2/15)

Altars:


Innate Abilities, Weirdness & Mutations

You have a beak for a mouth.
You have claws for feet.


Message History

You now have 5/8 mp.
The adder is struck by an arc of lightning.
The lightning grounds out.
The adder barely misses you.
You now have 2/8 mp.
Unknown command.
You don't have enough magic to cast that spell.
Things that are here:
a +0 short sword; 15 gold pieces; a kobold corpse The adder bites you.
You are poisoned.
The adder poisons you!
You take 2 damage, and have 17/19 hp.
Your target is gone.
Okay, then.
Unknown command.
You feel sick.
You take 1 damage, and have 16/19 hp.
Your target is gone.
The zap hits the adder.
You kill the adder!
You feel sick.
You take 1 damage, and have 15/19 hp.
You now have 1/8 mp.
You start resting.
You feel sick. x4
Your magical contamination has completely faded away.
You take 3 damage, and have 12/19 hp.
You regained 2 mp, and now have 3/8 mp.
You start resting.
You feel sick. x2
You are no longer poisoned.
You take 2 damage, and have 10/19 hp.
You start resting.
All of the chunks of flesh in your inventory have rotted away.
Health restored: 19; MP restored: 8 Unknown command.
Unknown command.
Okay, then.
Unknown command.
You now have 95 gold pieces (gained 15).
Things that are here:
a +0 short sword; a kobold skeleton A rat comes into view.
A rat is nearby!
The rat closely misses you.
You closely miss the rat. You claw the rat, but do no damage.
The rat barely misses you.
You hit the rat.
You kill the rat!
No target in view! 2 gnolls come into view.
There are monsters nearby!
A gnoll comes into view.
It is wielding a +0 halberd of protection.
The gnoll shouts! x2
A gnoll comes into view. It is wielding a +0 whip.
The gnoll throws a throwing net.
The throwing net closely misses you.
The gnoll shouts!
You see here a throwing net {=f, !d}.
d - a throwing net {=f, !d}
There is a shaft here.
The gnoll falls through a shaft!
The shaft crumbles and collapses.
Okay, then.
Unknown command.
Your target is gone.
The zap hits the gnoll but does no damage.
The zap hits the gnoll.
The gnoll closely misses you.
You now have 7/8 mp.
Your target is gone.
The zap hits the gnoll but does no damage.
The zap hits the gnoll.
You now have 6/8 mp.
Your target is gone.
The zap hits the gnoll. x2; The gnoll barely misses you.
You now have 5/8 mp.
Your target is gone.
The zap misses the gnoll.
The zap hits the gnoll.
The gnoll hits you from afar with a +0 halberd of protection!
You take 8 damage, and have 11/19 hp.
MASSIVE DAMAGE!!
You now have 4/8 mp.
Your target is gone.
The zap hits the gnoll but does no damage. x2
The gnoll hits you from afar with a +0 halberd of protection.
* * * LOW HITPOINT WARNING * * *
You take 6 damage, and have 5/19 hp.
MASSIVE DAMAGE!!
You now have 3/8 mp.
Your target is gone.
The zap misses the gnoll.
The zap hits the gnoll but does no damage.
The zap misses the gnoll. x2; The gnoll barely misses you. x2
Your target is gone.
The zap hits the gnoll. x2; The zap misses the gnoll.
The zap hits the gnoll but does no damage.
The gnoll hits you with a +0 whip.
* * * LOW HITPOINT WARNING * * *
The gnoll closely misses you.
You take 2 damage, and have 3/19 hp.
You now have 2/8 mp.
Your target is gone.
You miscast Shock.
You are very lightly contaminated with residual magic.
You feel electric! The gnoll hits you with a +0 whip!
You die...

#.g.#......##.#
#.g.######....#
#.......##.########
#....##....g...g..#
##....#####.######.#
+.......°...# #...#
###...####.)# #g###
......# #..# #g#
####..####..####@## .
........((........#
......>....(####.##.##
.#.###.###)## #.# #
.....#...#.# #.#
.......#.#.# #.#
.....#.....# #.#
#....#.####### #.#
..............


You could see 2 gnolls.

Vanquished Creatures
  An adder (D:2)
  3 dart slugs (D:1)
  3 bats (D:1)
  2 giant cockroaches (D:1)
  2 goblins
  5 hobgoblins (D:1)
  A ball python (D:1)
  A frilled lizard (D:1)
  3 kobolds
  7 rats
28 creatures vanquished.

Notes
Turn   | Place    | Note
-------+----------+-------------------------------------------
     0 | D:1      | mhoghedin the Tengu Air Elementalist began the quest for
                  | the Orb.
     0 | D:1      | Reached XP level 1. HP: 10/10 MP: 4/4
   361 | D:1      | Reached XP level 2. HP: 13/15 MP: 0/6
   770 | D:1      | Reached skill level 3 in Spellcasting
   801 | D:1      | Reached XP level 3. HP: 19/19 MP: 6/8
   849 | D:1      | Learned a level 3 spell: Static Discharge
  1525 | D:2      | HP: 3/19 [gnoll/+0 whip (2)]
  1526 | D:2      | Slain by a gnoll

Levels and vault maps discovered:
D:1:      nzn_arrival_depleted_hourglass, layout_rooms, minmay_split_cup_small
D:2:      layout_basic

Skill      XL: |  1  2 |
---------------+-------+-----
Spellcasting   | 3 |  3.3
Dodging        | |  2.1
Stealth        | |  2.0
Conjurations   | |  1.9
Air Magic      | |  4.2

Action                   || total
-------------------------++-------
Melee: Club              ||    35
       Kick              ||    10
       Peck              ||     6
       Quarterstaff      ||     2
 Cast: Shock             ||    37
       Static Discharge  ||     2
  Use: Scroll            ||     2
 Stab: Sleeping          ||     2
  Eat: Ration            ||     1
Armor: Robe              ||    24
Dodge: Dodged            ||    73

Table legend:
 A = Non-vault XP
 B = Vault XP
 C = Vault XP percentage of total XP
 D = Non-vault monster count
 E = Vault monster count
 F = Vault count percentage of total count
                 A         B        C        D         E       F
            +---------+---------+-------+---------+---------+-------
      Total |      56 |       4 |   6.7 |      25 |       3 |  10.7
            +---------+---------+-------+---------+---------+-------
        D:1 |      39 |       4 |   9.3 |      21 |       3 |  12.5
        D:2 |      17 |       0 |   0.0 |       4 |       0 |   0.0
            +---------+---------+-------+---------+---------+-------

Levels and vault maps discovered:
D:1:      nzn_arrival_depleted_hourglass, layout_rooms, minmay_split_cup_small
D:2:      layout_basic

Table legend:
 A = Turns spent in this place as a percentage of turns spent in the entire game.
 B = Non-inter-level travel turns spent in this place as a percentage of non-inter-level travel turns spent in the entire game.
 C = Inter-level travel turns spent in this place as a percentage of turns spent in this place.
 D = Turns resting spent in this place as a percentage of non-inter-level travel turns spent in this place.
 E = Turns spent auto-exploring this place as a percentage of non-inter-level travel turns spent in this place.
 F = Non-inter-level travel turns spent in this place divided by the number of levels of this place that you've seen.
                   A       B       C       D       E      F
               +-------+-------+-------+-------+-------+----------------------
         Total | 100.0 | 100.0 |   0.7 |  42.0 |  33.7 | 757.5
       Dungeon | 100.0 | 100.0 |   0.7 |  42.0 |  33.7 | 757.5
               +-------+-------+-------+-------+-------+----------------------

Table legend:
 A = Kills in this place as a percentage of kills in entire the game.
 B = Kills by you in this place as a percentage of kills by you in the entire game.
 C = Kills by friends in this place as a percentage of kills by friends in the entire game.
 D = Other kills in this place as a percentage of other kills in the entire game.
 E = Experience gained in this place as a percentage of experience gained in the entire game.
 F = Experience gained in this place divided by the number of levels of this place that you have seen.
                   A       B       C       D       E      F
               +-------+-------+-------+-------+-------+----------------------
         Total | 100.0 | 100.0 |   N/A |   N/A | 100.0 |  30.0
       Dungeon | 100.0 | 100.0 |   N/A |   N/A | 100.0 |  30.0
               +-------+-------+-------+-------+-------+----------------------
